 Dungeon Crawl Stone Soup version 0.22.0-21-g8bd1b0a76a (webtiles) character file.

136 Kirk the Chopper (level 4, -7/34 HPs)
             Began as a Demonspawn Gladiator on Aug 19, 2018.
             Killed from afar by an orc wizard (10 damage)
             ... with a puff of flame
             ... on level 3 of the Dungeon.
             The game lasted 00:04:12 (2563 turns).

Kirk the Chopper (Demonspawn Gladiator)             Turns: 2563, Time: 00:04:13

Health: -7/34      AC:  5    Str: 15    XL:     4   Next: 98%
Magic:  4/4        EV: 13    Int:  9    God:
Gold:   99         SH:  0    Dex: 15    Spells: 3/3 levels left

rFire    . . .     SeeInvis .   a - +0 war axe
rCold    . . .     Gourm    .   (no shield)
rNeg     + . .     Faith    .   b - +0 leather armour
rPois    .         Spirit   .   c - +0 helmet
rElec    .         Reflect  .   (no cloak)
rCorr    .         Harm     .   (no gloves)
MR       .....                  i - +0 pair of boots
Stlth    +.........             (no amulet)
HPRegen  0.11/turn              h - ring of positive energy
MPRegen  0.09/turn              (no ring)

@: flying, very slightly contaminated
A: talons 1, rot immunity
a: no special abilities


You were on level 3 of the Dungeon.
You were not hungry.

You visited 1 branch of the dungeon, and saw 3 of its levels.

You collected 99 gold pieces.

Inventory:

Hand Weapons
 a - a +0 war axe (weapon)
 p - a cursed -3 blowgun
Missiles
 d - 3 throwing nets (quivered)
 q - 15 poisoned needles
Armour
 b - a +0 leather armour (worn)
 c - a +0 helmet (worn)
 i - a +0 pair of boots (worn)
Jewellery
 h - a ring of positive energy (left hand)
Scrolls
 j - 2 scrolls of identify
 k - a scroll of fog {unknown}
 m - a scroll of enchant weapon
 n - a scroll of immolation {unknown}
 o - a scroll of teleportation {unknown}
 s - a scroll of fear {unknown}
Comestibles
 f - 5 rations


   Skills:
 + Level 2.5 Fighting
 * Level 4.7 Axes
 - Level 1.7 Throwing
 + Level 1.0 Armour
 + Level 2.7 Dodging


You had 3 spell levels left.
You didn't know any spells.
Your spell library was empty.

Dungeon Overview and Level Annotations

Branches:
Dungeon (3/15)

Altars:
Elyvilon
Gozag
Kikubaaqudgha
Uskayaw


Innate Abilities, Weirdness & Mutations

You have sharp toenails.
You are immune to rotting.


Message History

A puff of flame appears from out of thin air!
The puff of flame misses you.
As you read the scroll labeled CIUJIOKODE, it crumbles to dust.
It is a scroll of identify.
m - a scroll of enchant weapon
As you read the scroll labeled CIGAT RUUBIJAENLAK, it crumbles to dust.
It is a scroll of amnesia.
You feel forgetful for a moment.
Blink to where?
Press: ? - help, Dir - move target cursor You are very lightly contaminated with residual magic.
As you read the scroll labeled POUTHR WUATHRAO, it crumbles to dust.
It was a scroll of blinking.
You hear some strange, mumbled words.
A puff of flame appears from out of thin air!
The puff of flame hits you!
* * * LOW HITPOINT WARNING * * *
A puff of flame appears from out of thin air!
The puff of flame hits you!
You die...

#.. ....######...####.... #.#
##.##.# ##..# ##... #.#
#...#.# ##.## ##.. ####.#
#...#.# ####...# ##. ..##.#
#.. #.# #....#.####### #.##.#
#.# #.####.##...#.....#
#.##.###.###........####.###.#
####.##..........###.#.#
#...... .....o......####@#
#.#.# #..##.. ..##.########
#.# #.#.####...... ..{..# #<#
#..........#.. o##### #.#
###.#####..... .# #.# #.#
#.#### ## #.. ..# #.# # ###
#.#### #..... ######


There were no monsters in sight!

Vanquished Creatures
  An orc priest (D:3)
  A centaur skeleton (D:3)
  2 adders
  2 worms
  A dart slug (D:1)
  2 leopard geckos
  4 orcs
  2 giant cockroaches (D:2)
  6 goblins
  6 hobgoblins
  A ball python (D:2)
  6 bats
  2 frilled lizards (D:1)
  6 kobolds
  9 rats
51 creatures vanquished.

Notes
Turn   | Place    | Note
-------+----------+-------------------------------------------
     0 | D:1      | Kirk the Demonspawn Gladiator began the quest for the Orb.
     0 | D:1      | Reached XP level 1. HP: 16/16 MP: 1/1
   269 | D:1      | Reached skill level 3 in Axes
   297 | D:1      | Gained mutation: You have sharp toenails. [demonic ancestry]
   297 | D:1      | Reached XP level 2. HP: 18/22 MP: 2/2
  1015 | D:2      | Reached XP level 3. HP: 27/27 MP: 3/3
  1114 | D:2      | Found an opulent altar of Gozag.
  1123 | D:2      | Found an ancient bone altar of Kikubaaqudgha.
  1126 | D:2      | Found a hide-covered altar of Uskayaw.
  1245 | D:2      | Found a white marble altar of Elyvilon.
  2034 | D:3      | Reached skill level 4 in Axes
  2095 | D:3      | Gained mutation: You are immune to rotting. [demonic ancestry]
  2095 | D:3      | Reached XP level 4. HP: 24/34 MP: 4/4
  2340 | D:3      | Reached skill level 1 in Armour
  2563 | D:3      | Killed from afar by an orc wizard

Skill      XL: |  1  2  3  4 |
---------------+-------------+-----
Axes           | 3 4 |  4.7
Armour         | 1 |  1.0
Fighting       | |  2.5
Throwing       | |  1.7
Dodging        | |  2.7

Action                   |  1- 3 |  4- 6 || total
-------------------------+-------+-------++-------
Melee: War axe           |   117 |    42 ||   159
       Kick              |     1 |       ||     1
  Use: Scroll            |       |     3 ||     3
       Potion            |       |     3 ||     3
 Stab: Sleeping          |     2 |       ||     2
  Eat: Chunk             |     4 |     1 ||     5
Armor: Leather armour    |    41 |     5 ||    46
Dodge: Dodged            |    68 |    28 ||    96
